SL
ROCKY MOUNTAIN NUGGETS @ THUNDER BAY NORTHERN LIONS BC
09/22/2029
 
TOP OF THE 1ST
Rocky Mountain Nuggets batting - Pitching for Thunder Bay Northern Lions BC : LHP Norberto Quintana
Pitching: LHP Norberto Quintana
Batting: RHB Luis Ríos 0-0: Ball
1-0: SINGLE (Line Drive, 9LS)
Batting: LHB Roberto Salazar 0-0: Foul Ball, location: 2F
0-1: Called Strike
0-2: Ball
1-2: Ball
2-2: Fielders Choice at 2nd, 6-4 (Groundball, 6)
Pitching: RHP Bayram Tanaoglu
Batting: RHB Iván Vega 0-0: Ball
1-0: Ball
2-0: Fly out, F7 (Flyball, 7S)
Batting: RHB Andrés Rodríguez 0-0: Ball
1-0: Ball
2-0: Fielders Choice at 2nd, 5-4 (Groundball, 5L)
Top of the 1st over - 0 runs, 1 hit, 0 errors, 1 left on base; Rocky Mountain 0 - Thunder Bay 0
BOTTOM OF THE 1ST
Thunder Bay Northern Lions BC batting - Pitching for Rocky Mountain Nuggets : RHP Nathaniel Riley
Pitching: RHP Nathaniel Riley
Batting: RHB Augusto Encarnación 0-0: Called Strike
0-1: Fly out, F4 (Flyball, 4MD)
Batting: RHB António Mendoza 0-0: Ball
1-0: Ball
2-0: Ball
3-0: Foul Ball, location: 2F
3-1: Base on Balls
Batting: RHB Carlos Padilla 0-0: Called Strike
Throwing error on steal attempt, E2
António Mendoza to third
0-1: Swinging Strike
0-2: SINGLE (Flyball, 8RS)
António Mendoza scores
Batting: RHB Denis Higgins 0-0: Ball
1-0: Fly out, F3 (Line Drive, 3)
Lined into DP, U3 (Line Drive, 3)
Bottom of the 1st over - 1 run, 1 hit, 1 error, 0 left on base; Rocky Mountain 0 - Thunder Bay 1
TOP OF THE 2ND
Rocky Mountain Nuggets batting - Pitching for Thunder Bay Northern Lions BC : RHP Bayram Tanaoglu
Batting: LHB Javier Sánchez 0-0: Called Strike
0-1: Hit by Pitch
Batting: RHB Ludwig Kluge 0-0: Ball
1-0: Grounds into double play, 6-4-3 (Groundball, 6)
Batting: LHB Willis Baker 0-0: Foul Ball, location: 2F
0-1: Foul Ball, location: 2F
0-2: Foul Ball, location: 2F
0-2: Foul Ball, location: 2F
0-2: Ball
1-2: Ball
2-2: Ball
3-2: Ground out 1-3 (Groundball, 13)
Top of the 2nd over - 0 runs, 0 hits, 0 errors, 0 left on base; Rocky Mountain 0 - Thunder Bay 1
BOTTOM OF THE 2ND
Thunder Bay Northern Lions BC batting - Pitching for Rocky Mountain Nuggets : RHP Nathaniel Riley
Batting: SHB Carlos Rodríguez 0-0: Ball
1-0: Fly out, F3 (Line Drive, 3)
Batting: RHB Jesús Orozco 0-0: Ball
1-0: Foul Ball, location: 2F
1-1: Fly out, F9 (Flyball, 9S)
Batting: SHB Terumoto Kurihara 0-0: Ball
1-0: Ground out 4-3 (Groundball, 4)
Bottom of the 2nd over - 0 runs, 0 hits, 0 errors, 0 left on base; Rocky Mountain 0 - Thunder Bay 1
TOP OF THE 3RD
Rocky Mountain Nuggets batting - Pitching for Thunder Bay Northern Lions BC : RHP Bayram Tanaoglu
Batting: RHB Travis Newsome 0-0: Foul Ball, location: 2F
0-1: Foul Ball, location: 2F
0-2: Ground out 5-3 (Groundball, 56)
Batting: RHB Anthony Johnston 0-0: Called Strike
0-1: Ground out 5-3 (Groundball, 56S)
Batting: RHB Luis Ríos 0-0: Called Strike
0-1: Ground out 6-3 (Groundball, 6)
Top of the 3rd over - 0 runs, 0 hits, 0 errors, 0 left on base; Rocky Mountain 0 - Thunder Bay 1
BOTTOM OF THE 3RD
Thunder Bay Northern Lions BC batting - Pitching for Rocky Mountain Nuggets : RHP Nathaniel Riley
Batting: RHB Keith Fish 0-0: Foul Ball, location: 2F
0-1: Ground out 6-3 (Groundball, 6)
Batting: LHB Luis Freitas 0-0: Fly out, F3 (Popup, 3SF)
Batting: RHB Augusto Encarnación 0-0: Ball
1-0: Called Strike
1-1: Swinging Strike
1-2: Strikes out looking
Bottom of the 3rd over - 0 runs, 0 hits, 0 errors, 0 left on base; Rocky Mountain 0 - Thunder Bay 1
TOP OF THE 4TH
Rocky Mountain Nuggets batting - Pitching for Thunder Bay Northern Lions BC : RHP Bayram Tanaoglu
Batting: LHB Roberto Salazar 0-0: Ball
1-0: Called Strike
1-1: Swinging Strike
1-2: Ball
2-2: Foul Ball, location: 2F
2-2: Ball
3-2: Base on Balls
Batting: RHB Iván Vega 0-0: Ball
1-0: Swinging Strike
1-1: Ball
2-1: Ball
3-1: Swinging Strike
3-2: Fly out, F7 (Flyball, 7S)
Batting: RHB Andrés Rodríguez 0-0: Ball
1-0: Swinging Strike
1-1: Grounds into double play, 1-6-3 (Groundball, 13)
Top of the 4th over - 0 runs, 0 hits, 0 errors, 0 left on base; Rocky Mountain 0 - Thunder Bay 1
BOTTOM OF THE 4TH
Thunder Bay Northern Lions BC batting - Pitching for Rocky Mountain Nuggets : RHP Nathaniel Riley
Batting: RHB António Mendoza 0-0: Called Strike
0-1: Ball
1-1: Ball
2-1: Foul Ball, location: 2F
2-2: Foul Ball, location: 2F
2-2: Ball
3-2: Foul Ball, location: 2F
3-2: Base on Balls
Batting: RHB Carlos Padilla 0-0: Ball
Wild Pitch!
António Mendoza to second
1-0: Fly out, F6 (Line Drive, 6M)
Batting: RHB Denis Higgins 0-0: Called Strike
0-1: Ball
1-1: Ball
2-1: Ground out 6-3 (Groundball, 6)
Batting: SHB Carlos Rodríguez 0-0: Called Strike
0-1: Ball
1-1: Ball
2-1: DOUBLE (Flyball, 8LXD)
António Mendoza scores
Batting: RHB Jesús Orozco 0-0: Called Strike
0-1: Ball
1-1: Ball
2-1: Called Strike
2-2: Foul Ball, location: 2F
2-2: Ground out 1-3 (Groundball, 15)
Bottom of the 4th over - 1 run, 1 hit, 0 errors, 1 left on base; Rocky Mountain 0 - Thunder Bay 2
TOP OF THE 5TH
Rocky Mountain Nuggets batting - Pitching for Thunder Bay Northern Lions BC : RHP Bayram Tanaoglu
Batting: LHB Javier Sánchez 0-0: Foul Ball, location: 2F
0-1: Called Strike
0-2: Ball
1-2: Foul Ball, location: 2F
1-2: Ball
2-2: Strikes out swinging
Batting: RHB Ludwig Kluge 0-0: Called Strike
0-1: Swinging Strike
0-2: Foul Ball, location: 2F
0-2: Strikes out looking
Batting: LHB Willis Baker 0-0: Fly out, F1 (Popup, P)
Top of the 5th over - 0 runs, 0 hits, 0 errors, 0 left on base; Rocky Mountain 0 - Thunder Bay 2
BOTTOM OF THE 5TH
Thunder Bay Northern Lions BC batting - Pitching for Rocky Mountain Nuggets : RHP Nathaniel Riley
Batting: SHB Terumoto Kurihara 0-0: Ball
1-0: Ground out U3 (Groundball, 3)
Batting: RHB Keith Fish 0-0: Ball
1-0: Swinging Strike
1-1: Ball
2-1: Foul Ball, location: 2F
2-2: Fly out, F9 (Line Drive, 89M)
Batting: LHB Luis Freitas 0-0: Ball
1-0: Foul Ball, location: 2F
1-1: Swinging Strike
1-2: Strikes out swinging
Bottom of the 5th over - 0 runs, 0 hits, 0 errors, 0 left on base; Rocky Mountain 0 - Thunder Bay 2
TOP OF THE 6TH
Rocky Mountain Nuggets batting - Pitching for Thunder Bay Northern Lions BC : RHP Bayram Tanaoglu
Batting: RHB Travis Newsome 0-0: Ball
1-0: Foul Ball, location: 2F
1-1: Ball
2-1: Foul Ball, location: 2F
2-2: Foul Ball, location: 2F
2-2: Strikes out swinging
Batting: RHB Anthony Johnston 0-0: Ball
1-0: Foul Ball, location: 2F
1-1: Ball
2-1: Foul Ball, location: 2F
2-2: Ball
3-2: Foul Ball, location: 2F
3-2: Base on Balls
Batting: RHB Luis Ríos 0-0: Ball
1-0: Ball
2-0: Ball
3-0: Base on Balls
Anthony Johnston to second
Pitching: RHP Jurgen Sagebrecht
Batting: LHB Roberto Salazar 0-0: Ball
1-0: Fielders Choice at 2nd, 3-6 (Groundball, 3)
Anthony Johnston to third
Batting: RHB Iván Vega 0-0: Ball
1-0: Foul Ball, location: 2F
1-1: Swinging Strike
1-2: Ball
2-2: Fly out, F7 (Flyball, 7)
Top of the 6th over - 0 runs, 0 hits, 0 errors, 2 left on base; Rocky Mountain 0 - Thunder Bay 2
BOTTOM OF THE 6TH
Thunder Bay Northern Lions BC batting - Pitching for Rocky Mountain Nuggets : RHP Nathaniel Riley
Batting: RHB Augusto Encarnación 0-0: Called Strike
0-1: Foul Ball, location: 2F
0-2: Ball
1-2: Strikes out swinging
Batting: RHB António Mendoza 0-0: Ball
1-0: Called Strike
1-1: Called Strike
1-2: SINGLE (Groundball, 25) (infield hit)
Batting: RHB Carlos Padilla 0-0: Ball
1-0: Ball
2-0: Called Strike
2-1: Ground out 5-3 (Groundball, 5S)
António Mendoza to second
Batting: RHB Denis Higgins 0-0: Ground out 6-3 (Groundball, 6)
Bottom of the 6th over - 0 runs, 1 hit, 0 errors, 1 left on base; Rocky Mountain 0 - Thunder Bay 2
TOP OF THE 7TH
Rocky Mountain Nuggets batting - Pitching for Thunder Bay Northern Lions BC : RHP Jurgen Sagebrecht
Batting: RHB Andrés Rodríguez 0-0: Foul Ball, location: 2F
0-1: Ball
1-1: SINGLE (Groundball, 13S) (infield hit)
Batting: LHB Javier Sánchez 0-0: Ball
1-0: Grounds into double play, 4-6-3 (Groundball, 4)
Batting: RHB Ludwig Kluge 0-0: Foul Ball, location: 2F
0-1: Ball
1-1: Foul Ball, location: 2F
1-2: Foul Ball, location: 2F
1-2: Foul Ball, location: 2F
1-2: Ball
2-2: Foul Ball, location: 2F
2-2: Ground out 3-1 (Groundball, 34S)
Top of the 7th over - 0 runs, 1 hit, 0 errors, 0 left on base; Rocky Mountain 0 - Thunder Bay 2
BOTTOM OF THE 7TH
Thunder Bay Northern Lions BC batting - Pitching for Rocky Mountain Nuggets : RHP Nathaniel Riley
Batting: SHB Carlos Rodríguez 0-0: Called Strike
0-1: Ball
1-1: Foul Ball, location: 2F
1-2: Foul Ball, location: 2F
1-2: Ball
2-2: Foul Ball, location: 2F
2-2: Foul Ball, location: 2F
2-2: Fly out, F8 (Flyball, 89D)
Batting: RHB Jesús Orozco 0-0: Ball
1-0: Foul Ball, location: 2F
1-1: Ball
2-1: Called Strike
2-2: Foul Ball, location: 2F
2-2: Foul Ball, location: 2F
2-2: Foul Ball, location: 2F
2-2: DOUBLE (Line Drive, 9D)
Batting: SHB Terumoto Kurihara 0-0: Called Strike
Jesús Orozco steals 3rd base
0-1: SINGLE (Groundball, 56D)
Jesús Orozco scores
Batting: RHB Keith Fish 0-0: Ball
1-0: Ball
2-0: SINGLE (Line Drive, 8LS)
Terumoto Kurihara to second
Runner from 2nd tries for 3rd, SAFE, no throw
Batting: LHB Luis Freitas 0-0: Ball
1-0: Ball
2-0: Foul Ball, location: 2F
2-1: Ball
3-1: Fielders Choice at 2nd, 4-6 (Groundball, 4M)
Terumoto Kurihara scores
Pitching: LHP Rafael Rivera
Batting: RHB Augusto Encarnación 0-0: Called Strike
0-1: Ball
1-1: Called Strike
1-2: Ball
2-2: Ball
3-2: Foul Ball, location: 2F
3-2: Foul Ball, location: 2F
3-2: Foul Ball, location: 2F
3-2: Base on Balls
Luis Freitas to second
Batting: RHB António Mendoza 0-0: Ball
1-0: Ball
2-0: Foul Ball, location: 2F
2-1: Ground out U3 (Groundball, 34S)
Bottom of the 7th over - 2 runs, 3 hits, 0 errors, 2 left on base; Rocky Mountain 0 - Thunder Bay 4
TOP OF THE 8TH
Rocky Mountain Nuggets batting - Pitching for Thunder Bay Northern Lions BC : RHP Jurgen Sagebrecht
Batting: LHB Willis Baker 0-0: Ball
1-0: Foul Ball, location: 2F
1-1: Ball
2-1: Foul Ball, location: 2F
2-2: Foul Ball, location: 2F
2-2: Foul Ball, location: 2F
2-2: Foul Ball, location: 2F
2-2: Ground out 4-3 (Groundball, 4)
Batting: RHB Travis Newsome 0-0: Foul Ball, location: 2F
0-1: Called Strike
0-2: Ball
1-2: Ball
2-2: Foul Ball, location: 2F
2-2: Strikes out swinging
Batting: RHB Anthony Johnston 0-0: Ground out 1-3 (Groundball, 13)
Top of the 8th over - 0 runs, 0 hits, 0 errors, 0 left on base; Rocky Mountain 0 - Thunder Bay 4
BOTTOM OF THE 8TH
Thunder Bay Northern Lions BC batting - Pitching for Rocky Mountain Nuggets : LHP Rafael Rivera
Batting: RHB Carlos Padilla 0-0: Foul Ball, location: 2F
0-1: Ball
1-1: Ball
2-1: Foul Ball, location: 2F
2-2: Foul Ball, location: 2F
2-2: Strikes out swinging
Batting: RHB Denis Higgins 0-0: Ball
1-0: Called Strike
1-1: Ball
2-1: Called Strike
2-2: Ball
3-2: Base on Balls
Batting: SHB Carlos Rodríguez 0-0: Ball
1-0: Ball
2-0: Called Strike
2-1: Called Strike
2-2: Ground out 5-3 (Groundball, 56S)
Denis Higgins to second
Batting: RHB Jesús Orozco 0-0: Ball
1-0: Foul Ball, location: 2F
1-1: Ground out 4-3 (Groundball, 4)
Bottom of the 8th over - 0 runs, 0 hits, 0 errors, 1 left on base; Rocky Mountain 0 - Thunder Bay 4
TOP OF THE 9TH
Rocky Mountain Nuggets batting - Pitching for Thunder Bay Northern Lions BC : RHP Jurgen Sagebrecht
Batting: RHB Luis Ríos 0-0: Called Strike
0-1: Ball
1-1: Ball
2-1: Ball
3-1: Called Strike
3-2: Ground out 6-3 (Groundball, 6)
Batting: LHB Roberto Salazar 0-0: Fly out, F7 (Flyball, 7S)
Batting: RHB Iván Vega 0-0: Ball
1-0: Ball
2-0: SINGLE (Groundball, 5S) (infield hit)
Batting: RHB Andrés Rodríguez 0-0: Ball
1-0: Foul Ball, location: 2F
1-1: Ball
2-1: Ball
3-1: SINGLE (Groundball, 56D)
Iván Vega to second
Pitching: RHP Rodas Aguilar
Batting: LHB Javier Sánchez 0-0: Ball
1-0: Ball
2-0: Called Strike
2-1: Called Strike
2-2: Ball
3-2: Fly out, F9 (Flyball, 89S)
Top of the 9th over - 0 runs, 2 hits, 0 errors, 2 left on base; Rocky Mountain 0 - Thunder Bay 4
Tuesday, December 19th, 2017 - OOTP Baseball 18.8 Build 76